 Dungeon Crawl Stone Soup version 0.27.0-1-g7a089689b8 (webtiles) character file.

Game seed: 8717601239331751380

71798 lnt the Tortoise (level 14, -7/129 HPs)
             Began as a Minotaur Berserker on Aug 5, 2021.
             Was a High Priest of Trog.
             Mangled by a skeletal warrior (10 damage)
             ... led by a death knight
             ... on level 12 of the Dungeon.
             The game lasted 01:39:14 (26013 turns).

lnt the Tortoise (Minotaur Berserker)              Turns: 26013, Time: 01:39:14

Health: -7/129     AC: 15    Str: 30    XL:     14   Next: 99%
Magic:  13/13      EV: 15    Int:  4    God:    Trog [*****.]
Gold:   1692       SH:  5    Dex: 16    Spells: 13/13 levels left

rFire    . . .     SeeInvis .   M - +6 battleaxe (flame)
rCold    x . .     Faith    .   (shield currently unavailable)
rNeg     . . .     Spirit   .   E - +1 ring mail "Fintim" {rPois rC- Regen+}
rPois    +         Reflect  +   (helmet restricted)
rElec    .         Harm     .   C - +0 cloak
rCorr    .         Rampage  .   a - +0 pair of gloves "Cuupp" {Dex+3}
Will     +++..                  X - +1 pair of boots
Stlth    +.........             N - amulet of reflection
HPRegen  2.31/turn              W - +6 ring of strength
MPRegen  0.13/turn              U - ring of poison resistance

@: strong-willed, regenerating
A: horns 2, retaliatory headbutt
a: Renounce Religion, Berserk, Trog's Hand, Brothers in Arms


You were on level 12 of the Dungeon.
You worshipped Trog.
Trog was extremely pleased with you.
You visited 4 branches of the dungeon, and saw 21 of its levels.
You also visited: Ossuary and Bailey.

You collected 2281 gold pieces.
You spent 589 gold pieces at shops.

Inventory:

Hand Weapons
 H - a +2 war axe of electrocution
 M - a +6 battleaxe of flaming (weapon)
 O - the +0 demon trident of the Lame Duck {drain, rElec Int+2}
   (You found it on level 8 of the Dungeon)

   A truly terrible weapon, it drains the life of any living foe it strikes.
   Int:       It affects your intelligence (+2).
   rElec:     It insulates you from electricity.
 V - a +3 antimagic great mace
Missiles
 c - 9 silver javelins
 s - 38 poisoned darts (quivered)
 S - 5 curare-tipped darts
Armour
 a - the +0 pair of gloves "Cuupp" (worn) {Dex+3}
   (You found it on level 3 of the Lair of Beasts)

   Dex:       It affects your dexterity (+3).
 e - the +6 chain mail of Misanthropy {Contam +Inv Str-3 Int+6}
   (You bought it in a shop on level 1 of the Orcish Mines)

   Str:       It affects your strength (-3).
   Int:       It affects your intelligence (+6).
   +Inv:      It lets you turn invisible.
   Contam:    It causes magical contamination when unequipped.
 y - a +1 plate armour
 C - a +0 cloak (worn)
 D - the +7 chain mail "Gomoupri" {-Tele MP+9 Int+5}
   (You found it on level 6 of the Lair of Beasts)

   Int:       It affects your intelligence (+5).
   MP:        It affects your magic capacity (+9).
   -Tele:     It prevents most forms of teleportation.
 E - the +1 ring mail "Fintim" (worn) {rPois rC- Regen+}
   (You found it on level 11 of the Dungeon)

   rC:        It makes you vulnerable to cold.
   rPois:     It protects you from poison.
   Regen:     It increases your rate of health regeneration.
 X - a +1 pair of boots (worn)
Jewellery
 N - an amulet of reflection (around neck)
 Q - a ring of protection from cold
 U - a ring of poison resistance (right hand)
 W - a +6 ring of strength (left hand)
Wands
 d - a wand of digging (7)
 i - a wand of acid (5)
 o - a wand of paralysis (23)
 p - a wand of flame (27)
 v - a wand of iceblast (17)
Scrolls
 f - 3 scrolls of magic mapping
 g - 3 scrolls of summoning
 h - a scroll of enchant weapon
 j - a scroll of noise {unknown}
 m - 5 scrolls of fear
 r - 5 scrolls of teleportation
 u - 3 scrolls of identify
 w - a scroll of blinking
 x - 6 scrolls of enchant armour
 G - a scroll of acquirement
 K - 3 scrolls of fog
 Y - a scroll of amnesia {unknown}
Potions
 k - 6 potions of heal wounds
 l - 8 potions of curing
 n - 3 potions of attraction
 q - 3 potions of magic
 t - 5 potions of haste
 z - a potion of berserk rage
 A - a potion of resistance
 B - a potion of might
 I - a potion of invisibility
 J - a potion of experience
 P - a potion of lignification
Miscellaneous
 b - a tin of tremorstones (2/2)
 F - a box of beasts
 L - a lightning rod (4/4)


   Skills:
 + Level 13.3 Fighting
 + Level 14.8(16.2) Axes
 - Level 11.7(14.7) Maces & Flails
 - Level 15.1 Armour
 + Level 8.1 Dodging
 - Level 10.8 Evocations


You had 13 spell levels left.
You didn't know any spells.
Your spell library was empty.

Dungeon Overview and Level Annotations

Branches:
Dungeon (12/15)            Temple (1/1) D:4            Lair (6/6) D:10
  Swamp (0/4) Lair:4       Spider (0/4) Lair:3          Orc (2/2) D:10
    Elf (0/3) Orc:2       Ossuary (visited)          Bailey (visited)
  Slime: Lair:5-6

Altars:
Ashenzari
Cheibriados
Dithmenos
Elyvilon
Fedhas
Gozag
Hepliaklqana
Kikubaaqudgha
Makhleb
Nemelex Xobeh
Okawaru
Qazlal
Ru
Sif Muna
Trog
Uskayaw
Vehumet
Wu Jian
Xom
Yredelemnul
Zin
The Shining One
Beogh
Jiyva

Shops:
D:5 [   D:10 *   Orc:1 *   Orc:2 :*(*

Annotations:
D:11 2 runed translucent doors
D:12 exclusion: statue
Lair:2 3 runed translucent doors, RBrandon's ghost, novice FeNe
Lair:3 3 runed translucent doors, Befuwnopp's ghost, journeyman TrHu
Lair:4 3 runed translucent doors, sasquatch's ghost, journeyman TrTm
Lair:5 exclusion: 4 oklob plants


Innate Abilities, Weirdness & Mutations

You have a pair of horns on your head.
You reflexively headbutt those who attack you in melee.


Message History

You destroy the phantasmal warrior!
Trog accepts your kill.
You slash the death knight! You burn the death knight.
The skeletal warrior hits you but does no damage.
The death knight barely misses you.
Your life force feels restored.
You hit the death knight. You burn the death knight.
You headbutt the death knight, but do no damage.
The death knight is moderately wounded.
The skeletal warrior completely misses you.
The death knight barely misses you. You furiously retaliate!
You headbutt the death knight! You slash the death knight!
You burn the death knight.
The death knight is heavily wounded.
The skeletal warrior hits you but does no damage.
The death knight hits you with a +1 great sword!!
You hit the death knight. You burn the death knight.
The death knight is heavily wounded.
The skeletal warrior hits you from afar with a +0 trident of flaming.
The skeletal warrior burns you.
You slash the death knight! You burn the death knight.
The death knight is severely wounded.
The death knight hits you with a +1 great sword!
The skeletal warrior hits you from afar with a +0 trident of flaming!!
The skeletal warrior burns you.
Your ring mail "Fintim" prevents you from hitting the death knight.
You headbutt the death knight!
The death knight is almost dead.
You block the death knight's attack.
The skeletal warrior hits you from afar with a +0 trident of flaming!!
* * * LOW HITPOINT WARNING * * *
The skeletal warrior burns you!
* * * LOW HITPOINT WARNING * * *
You feel much better.
The death knight hits you with a +1 great sword!!
* * * LOW HITPOINT WARNING * * *
The skeletal warrior hits you from afar with a +0 trident of flaming!!
* * * LOW HITPOINT WARNING * * *
The skeletal warrior burns you!
You die...

#.###.#.#..........# .
#.#.....#..........######..
...................>.......
#..............#.##........
#.......#.####....#........
.....#..#.# #....#........
#.#.##..#.# #....#.########
#.#.##..#.# #....#.).......
..#.##..#.# ###@##.........
..#.....#.# #p#..........
..#####.#.# #.z....######
#........ ###....#
.....##.# #...## #....##.#
#...# #..).##.# +...+
#..####.# #z..# #..####.###
#...#


You could see a death knight and a skeletal warrior.

Vanquished Creatures
  Gastronok (Lair:2)
  2 orc warlords
  2 boulder beetles
  Erolcha (Orc:2)
  An anaconda (Lair:6)
  2 hydras (Lair:6)
  2 two-headed ogres
  8 death yaks
  2 orc high priests
  Urug (Orc:1)
  Sonja (Lair:6)
  A phantasmal warrior (D:12)
  A lindwurm (Lair:4)
  7 orc knights
  An oklob plant (D:10)
  6 orc sorcerers
  An ugly thing (D:11)
  A wolf spider (Lair:3)
  2 cyclopes
  2 black mambas
  5 centaur zombies
  13 cane toads
  Maggie (Lair:1)
  3 torpor snails (Lair:6)
  A kobold demonologist (D:11)
  12 komodo dragons
  An efreet (D:11)
  2 ice devils (Lair:6)
  10 polar bears
  A jumping spider (Lair:3)
  14 blink frogs
  A slime creature (D:6)
  A tyrant leech (Lair:4)
  Grinder (D:5)
  A raiju (Lair:6)
  2 redbacks (Lair:3)
  A wraith (D:11)
  4 wyverns
  A fire bat (shapeshifter) (D:11)
  A steam dragon (D:9)
  74 yaks
  Eustachio (D:5)
  3 basilisks
  A vampire mosquito (D:11)
  A swamp worm (Lair:4)
  10 wargs
  12 water moccasins
  13 hell hounds (Lair:6)
  An acid dragon (D:12)
  2 hornet zombies (D:8)
  A sky beast (D:7)
  A swamp drake (D:10)
  14 black bears
  40 orc warriors
  6 ogres
  A necrophage (D:3)
  28 wolves
  5 centaurs
  A kobold brigand (D:9)
  17 bullfrogs
  A scorpion (D:6)
  6 water moccasin zombies
  14 killer bees
  4 wights (D:9)
  A howler monkey (D:10)
  An electric eel (Lair:2)
  3 hounds
  10 jellies (D:6)
  A gnoll shaman (D:9)
  11 orc priests
  Crazy Yiuf (D:6)
  A bullfrog skeleton (D:6)
  An iguana (D:6)
  14 orc wizards
  2 mummies (Ossuary)
  A howler monkey zombie (D:8)
  Robin (D:4)
  16 gnolls
  6 adders
  2 white imps
  8 adder zombies
  A worm (D:5)
  3 dart slugs (D:1)
  59 orcs
  7 bats
  18 endoplasms
  3 giant cockroaches
  33 goblins
  25 hobgoblins
  12 jackals
  11 kobolds
  11 ball pythons
  5 frilled lizards
  4 gnoll zombies (Ossuary)
  6 hobgoblin zombies (Ossuary)
  6 kobold zombies (Ossuary)
  4 orc zombies (Ossuary)
  7 rats
673 creatures vanquished.

Vanquished Creatures (collateral kills)
  A boulder beetle (D:11)
  A hydra (Lair:6)
  A tyrant leech (Lair:4)
  A polar bear (Lair:6)
  A meliai (D:11)
  A hell hound (Lair:6)
  An orc warrior (Bailey)
  2 wolves (Lair:3)
  5 centaurs (D:11)
  An electric eel (Lair:3)
  2 gnolls (Bailey)
  2 orcs (Bailey)
19 creatures vanquished.

Vanquished Creatures (others)
  2 orcs
  A bush (Lair:5)
  48 fungi
  42 plants
93 creatures vanquished.

Grand Total: 785 creatures vanquished

Notes
Turn   | Place    | Note
-------+----------+-------------------------------------------
     0 | D:1      | lnt the Minotaur Berserker began the quest for the Orb.
     0 | D:1      | Reached XP level 1. HP: 19/19 MP: 0/0
    60 | D:1      | Reached XP level 2. HP: 23/27 MP: 1/1
   282 | D:1      | Reached skill level 3 in Armour
   321 | D:1      | Reached ** piety under Trog
   367 | D:1      | Reached XP level 3. HP: 33/33 MP: 2/2
   467 | D:1      | Found a faded altar of an unknown god.
  1329 | D:2      | Reached XP level 4. HP: 40/40 MP: 3/3
  1536 | D:2      | Found a glowing golden altar of the Shining One.
  2066 | D:3      | You fall into a shaft and drop 1 floor!
  2178 | D:3      | Noticed an ogre
  2188 | D:3      | Killed an ogre
  2189 | D:3      | Reached skill level 5 in Axes
  2189 | D:3      | Reached skill level 4 in Armour
  2189 | D:3      | Reached XP level 5. HP: 43/46 MP: 4/4
  2631 | D:3      | Reached *** piety under Trog
  3408 | D:4      | Reached skill level 1 in Maces & Flails
  3621 | D:4      | Noticed a necrophage
  3658 | D:3      | Killed a necrophage
  3659 | D:3      | Reached XP level 6. HP: 52/52 MP: 5/5
  3735 | D:4      | Noticed Robin
  3745 | D:4      | Killed Robin
  3766 | D:4      | Reached skill level 5 in Armour
  4015 | D:4      | Found a staircase to the Ecumenical Temple.
  4025 | Temple   | Entered the Ecumenical Temple
  4208 | D:5      | Entered Level 5 of the Dungeon
  4506 | D:5      | Found Dopinoma's Antique Armour Shop.
  4679 | D:5      | Noticed Eustachio
  4751 | D:5      | Killed Eustachio
  4752 | D:5      | Reached XP level 7. HP: 46/59 MP: 6/6
  4942 | D:5      | Reached skill level 6 in Armour
  5408 | D:5      | Noticed Grinder
  5467 | D:5      | Reached skill level 5 in Maces & Flails
  5890 | D:5      | Reached skill level 7 in Armour
  5927 | D:5      | Killed Grinder
  5928 | D:5      | Reached XP level 8. HP: 63/66 MP: 7/7
  6189 | D:6      | Reached skill level 8 in Armour
  6518 | D:6      | Found a sand-covered staircase.
  6538 | Ossuary  | Entered an ossuary
  6566 | Ossuary  | Reached **** piety under Trog
  6585 | Ossuary  | Reached skill level 9 in Armour
  6971 | D:6      | Reached XP level 9. HP: 71/71 MP: 8/8
  7274 | D:6      | Found a runed translucent door.
  7275 | D:6      | Noticed Crazy Yiuf
  7489 | D:6      | Reached skill level 10 in Armour
  7972 | D:6      | Killed Crazy Yiuf
  8225 | D:7      | Found an iron altar of Okawaru.
  8355 | D:7      | Found a flagged portal.
  8365 | D:7      | Reached skill level 10 in Maces & Flails
  8393 | Bailey   | Entered a bailey
  8483 | Bailey   | Reached ***** piety under Trog
  8619 | Bailey   | Reached skill level 11 in Armour
  8777 | Bailey   | Noticed an orc warlord
  8794 | Bailey   | Killed an orc warlord
  8795 | Bailey   | Reached skill level 12 in Armour
  8795 | Bailey   | Reached XP level 10. HP: 79/79 MP: 9/9
  9514 | D:7      | Reached skill level 1 in Evocations
 10018 | D:8      | Found a snail-covered altar of Cheibriados.
 10166 | D:8      | Identified the +0 demon trident of the Lame Duck {drain,
                  | rElec Int+2}
 10487 | D:8      | Reached skill level 13 in Armour
 11248 | D:9      | Reached XP level 11. HP: 78/85 MP: 10/10
 11259 | D:9      | Reached skill level 5 in Fighting
 11731 | D:9      | Received a gift from Trog
 11968 | D:10     | Entered Level 10 of the Dungeon
 12571 | D:10     | Noticed an oklob plant
 12718 | D:10     | Noticed a two-headed ogre
 12727 | D:10     | Killed a two-headed ogre
 12728 | D:10     | Reached skill level 5 in Evocations
 12826 | D:10     | Found Koh Weth's Assorted Antiques.
 12833 | D:10     | Bought a scroll of identify for 52 gold pieces
 12833 | D:10     | Bought a scroll of identify for 52 gold pieces
 13053 | D:10     | Found a staircase to the Lair.
 13479 | D:10     | Found a staircase to the Orcish Mines.
 14196 | D:11     | Found a runed translucent door.
 14196 | D:11     | Found a runed translucent door.
 14196 | D:11     | Noticed a boulder beetle
 14277 | D:11     | Reached skill level 10 in Axes
 14767 | D:11     | Noticed an orc knight
 14768 | D:11     | Noticed a boulder beetle
 14768 | D:11     | Noticed a purple ugly thing
 15100 | D:11     | Killed a purple ugly thing
 15167 | D:11     | Killed an orc knight
 15525 | D:11     | Reached XP level 12. HP: 101/101 MP: 11/11
 15614 | D:11     | Killed a boulder beetle
 15692 | D:11     | Identified the +1 ring mail "Fintim" {rPois rC- Regen+}
 16095 | D:10     | Reached skill level 5 in Dodging
 16137 | Lair:1   | Entered Level 1 of the Lair of Beasts
 17029 | Lair:1   | Noticed Maggie
 17035 | Lair:1   | Killed Maggie
 17380 | Lair:2   | Found a runed translucent gate.
 17380 | Lair:2   | Found a runed translucent gate.
 17380 | Lair:2   | Found a runed translucent gate.
 17674 | Lair:2   | Noticed RBrandon's ghost (novice FeNe)
 17701 | Lair:2   | Noticed an ice dragon
 18048 | Lair:2   | Identified the ring "Avewippo" {rF+ Int+8 Stlth-}
 18169 | Lair:2   | Noticed Gastronok
 18211 | Lair:2   | Killed Gastronok
 18212 | Lair:2   | Reached skill level 10 in Fighting
 18818 | Lair:3   | Reached XP level 13. HP: 105/113 MP: 12/12
 18838 | Lair:3   | Identified the +0 pair of gloves "Cuupp" {Dex+3}
 19122 | Lair:3   | Found a hole to the Spider Nest.
 19398 | Lair:3   | Found a runed translucent gate.
 19399 | Lair:3   | Found a runed translucent gate.
 19399 | Lair:3   | Found a runed translucent gate.
 19404 | Lair:3   | Noticed Befuwnopp's ghost (journeyman TrHu)
 19924 | Lair:4   | Found a staircase to the Swamp.
 19941 | Lair:4   | Received a gift from Trog
 20178 | Lair:4   | Found a runed translucent gate.
 20178 | Lair:4   | Found a runed translucent gate.
 20181 | Lair:4   | Found a runed translucent gate.
 20182 | Lair:4   | Noticed a quicksilver ooze
 20182 | Lair:4   | Noticed sasquatch's ghost (journeyman TrTm)
 20185 | Lair:4   | Found a viscous altar of Jiyva.
 21829 | Lair:6   | Entered Level 6 of the Lair of Beasts
 21906 | Lair:6   | Identified the +7 chain mail "Gomoupri" {-Tele MP+9 Int+5}
 22079 | Lair:6   | Reached skill level 14 in Armour
 22167 | Lair:6   | Reached XP level 14. HP: 59/125 MP: 13/13
 22270 | Lair:6   | Noticed Sonja
 22285 | Lair:6   | Killed Sonja
 22488 | Lair:6   | Found a snail-covered altar of Cheibriados.
 22820 | Lair:6   | Received a gift from Trog
 23345 | Lair:6   | Reached skill level 10 in Evocations
 23637 | Orc:1    | Entered Level 1 of the Orcish Mines
 23652 | Orc:1    | Noticed Urug
 23665 | Orc:1    | Killed Urug
 23981 | Orc:1    | Found Ophief's Assorted Antiques.
 23992 | Orc:1    | Bought a polished chain mail for 275 gold pieces
 23992 | Orc:1    | Identified the +6 chain mail of Misanthropy {Contam +Inv
                  | Str-3 Int+6} (You bought it in a shop on level 1 of the
                  | Orcish Mines)
 23992 | Orc:1    | Bought a wand of iceblast (9) for 116 gold pieces
 23992 | Orc:1    | Bought a scroll of identify for 58 gold pieces
 24265 | Orc:2    | Entered Level 2 of the Orcish Mines
 24277 | Orc:2    | Received a gift from Trog
 24351 | Orc:2    | Found Curphot's Antique Weapon Boutique.
 24386 | Orc:2    | Found Wijoqexu's Overcharged Wands.
 24408 | Orc:2    | Noticed Erolcha
 24495 | Orc:2    | Killed Erolcha
 24552 | Orc:1    | Reached skill level 15 in Armour
 24680 | Orc:2    | Noticed an orc warlord
 24735 | Orc:1    | Killed an orc warlord
 24887 | Orc:2    | Found a staircase to the Elven Halls.
 24912 | Orc:2    | Found Ysaruoge's Book Shoppe.
 25332 | Orc:2    | Found Eboe's General Store.
 25341 | Orc:2    | Bought a scroll of teleportation for 36 gold pieces
 25411 | Orc:2    | Found Saqulipe's Antique Armour Shop.
 25849 | D:12     | Found a radiant altar of Vehumet.
 26013 | D:12     | HP: 3/129 [skeletal warrior[a death knight] (21)]
 26013 | D:12     | Mangled by a skeletal warrior

Illustrated notes

Levels and vault maps discovered:
D:1:      dpeg_arrival_shrine, layout_basic,
          shapermc_ecumenical_altar_hornbeckon, serial_forest,
          infiniplex_forest_end_3, infiniplex_forest_lined_corner,
          infiniplex_forest_straight_2, infiniplex_forest_lined_room_2,
          infiniplex_forest_lined_room_, infiniplex_forest_fountain,
          infiniplex_forest_end_2, infiniplex_forest_lined_2,
          infiniplex_forest_lined_4_way, minmay_hexomino_c4
D:2:      layout_rooms, basic_altar, chequers_mini_garden,
          chequers_decorated_corner
D:3:      layout_basic, kennysheep_generic_room_11
D:4:      layout_loops_corners, minmay_temple_entry_poolview,
          minmay_curled_crystal, uniq_robin
D:5:      layout_cave_pods, serial_shops, nicolae_square_shop,
          minmay_misc_feat_pillars, chequers_serial_rivers_micro_c,
          uniq_grinder, uniq_eustachio
D:6:      lemuel_slime, layout_basic, nicolae_ossuary_entry_ruins,
          lemuel_another_geyser, uniq_crazy_yiuf_cottage
D:7:      layout_basic, mainiacjoe_overflow_alcove_1, enter_bailey_3
D:8:      layout_rooms, mainiacjoe_overflow_24_doors
D:9:      layout_roguey
D:10:     layout_stronghold, dpeg_oklobed_lair, erik_orc_1, serial_shops, shop
D:11:     minmay_the_grid_four_pointed_star
          [minmay_the_grid_triangle_9x9_swiss_cheese,
          minmay_the_grid_triangle_9x9_corrupted_corridor,
          minmay_the_grid_triangle_9x9_tough_junction,
          minmay_the_grid_triangle_9x9_thin_v, minmay_the_grid_prize_trominoes],
          layout_basic, amethyst_killhole, chequers_serial_rivers_large_b
D:12:     kennysheep_six_static_rooms, layout_basic, vehumet_statue
Temple:   regret_index_temple_chain_breaker
Lair:1:   layout_loops_ring, uniq_maggie
Lair:2:   layout_misc_corridors, gammafunk_ghost_icy, serial_bayou_pond_d,
          wad_woods_river_02, serial_bayou_shore_b, uniq_gastronok
Lair:3:   layout_cave_pods, spider_nest_entry_funnel_web,
          gammafunk_ghost_necromancy, nicolae_quartered_pool_super,
          columned_hall_lemuel, st_stairs_11
Lair:4:   layout_cave_pods, minmay_swamp_entry_worms, gammafunk_ghost_ooze,
          amcnicky_mini_pool_medium, lemuel_fruit_tree, grunt_megastairs_2
Lair:5:   layout_regular_city, minmay_slime_entry_oklob_enclosed,
          grunt_megastairs_5, infiniplex_staircase_pool_2
Lair:6:   hangedman_lair_caniforms_friends, layout_regular_city,
          portal_ice_cave_demonic_guard, kennysheep_snail_temple, uniq_sonja
Orc:1:    layout_caves, serial_shops, shop_fountains, basic_altar, uniq_urug
Orc:2:    grunt_orc_gardens, layout_caves, grunt_orc_garden, grunt_orc_garden,
          grunt_orc_garden, grunt_orc_garden, nicolae_shop_overcharged_wands,
          uniq_erolcha

Skill      XL: |  1  2  3  4  5  6  7  8  9 10 11 12 13 14 |
---------------+-------------------------------------------+-----
Armour         | 3 4 5 7 9 12 13 14 15 | 15.1
Fighting       | 4 8 10 11 13 | 13.3
Axes           | 4 5 6 7 10 13 14 | 14.8
Dodging        | 3 4 7 8 |  8.1
Maces & Flails | 2 3 6 8 11 | 11.7
Evocations     | 3 5 8 10 | 10.8

Action                   |  1- 3 |  4- 6 |  7- 9 | 10-12 | 13-15 || total
-------------------------+-------+-------+-------+-------+-------++-------
Melee: Hand axe          |    63 |    60 |       |       |       ||   123
       Headbutt          |    11 |    19 |    80 |   141 |   187 ||   438
       Mace              |       |    55 |   327 |    11 |       ||   393
       Unarmed           |       |     5 |       |       |       ||     5
       War axe           |       |       |       |   612 |   550 ||  1162
       Battleaxe         |       |       |       |       |   124 ||   124
Throw: Boomerang         |    26 |     2 |       |       |       ||    28
       Dart              |       |    18 |    11 |     7 |     6 ||    42
Invok: Berserk           |     1 |     3 |    10 |    12 |    12 ||    38
       Trog's Hand       |       |     1 |     3 |     6 |     4 ||    14
       Brothers in Arms  |       |       |     1 |     4 |     4 ||     9
Evoke: Wand              |       |       |       |     3 |     4 ||     7
       Box of beasts     |       |       |       |       |     1 ||     1
  Use: Scroll            |       |       |     7 |    21 |       ||    28
       Potion            |       |       |       |     1 |     4 ||     5
 Stab: Paralysed         |       |       |       |       |     1 ||     1
Armor: Animal skin       |     9 |     4 |       |       |       ||    13
       Chain mail        |       |    80 |    77 |       |       ||   157
       Plate armour      |       |       |   101 |   239 |       ||   340
       Ring mail         |       |       |       |    58 |   151 ||   209
Dodge: Dodged            |    33 |    80 |    99 |   252 |   328 ||   792
Block: Other             |       |       |       |     5 |   112 ||   117
       Reflection        |       |       |       |       |     4 ||     4
